 Dungeon Crawl Stone Soup version 0.22-a0-305-gd21a89c (webtiles) character file.

6201 Kikal the Martial Artist (level 10, -10/74 HPs)
             Began as a Mummy Monk on Mar 28, 2018.
             Was a Believer of Yredelemnul.
             Mangled by an ettin
             ... wielding a +0 dire flail
              (35 damage)
             ... on level 1 of the Orcish Mines.
             The game lasted 00:47:09 (12618 turns).

Kikal the Martial Artist (Mummy Monk)              Turns: 12618, Time: 00:47:10

Health: -10/74     AC: 13    Str: 16    XL:     10   Next: 61%
Magic:  0/15       EV: 14    Int: 10    God:    Yredelemnul [**....]
Gold:   982        SH:  4    Dex: 16    Spells: 9/9 levels left

rFire    x . .     SeeInvis .     - Unarmed
rCold    + . .     Gourm    .   (no shield)
rNeg     + + +     Faith    .   n - +0 ring mail
rPois    ∞         Spirit   +   D - +2 helmet
rElec    .         Reflect  +   k - scarf {Spirit}
rCorr    .         Harm     .   m - +0 pair of gloves
MR       +....                  C - +1 pair of boots
Stlth    +.........             F - +4 amulet of reflection
HPRegen  0.22/turn              z - +2 ring of evasion
MPRegen  0.14/turn              q - +4 ring of slaying

@: no status effects
A: no food or potions, fire vulnerability, cold resistance 1, negative energy
resistance 3, torment resistance, unbreathing
a: Animate Remains, Recall Undead Slaves, Injury Mirror, Renounce Religion


You were on level 1 of the Orcish Mines.
You worshipped Yredelemnul.
Yredelemnul was pleased with you.
You were not hungry.

You visited 3 branches of the dungeon, and saw 13 of its levels.
You also visited: Bailey.

You collected 982 gold pieces.

Inventory:

Hand Weapons
 i - a +2 dagger of venom
 p - a +1 hunting sling
Missiles
 b - 2 needles of sleeping
 g - 190 stones (quivered)
 v - 26 tomahawks
 x - 14 sling bullets
 A - 45 poisoned needles
 I - 12 tomahawks of returning
Armour
 k - a scarf of spirit shield (worn)
 m - a +0 pair of gloves (worn)
 n - a +0 ring mail (worn)
 B - a cursed +0 chain mail
 C - a +1 pair of boots (worn)
 D - a +2 helmet (worn)
Jewellery
 d - an uncursed ring of wizardry
 l - an uncursed ring of flight
 q - a +4 ring of slaying (right hand)
 t - an uncursed ring of protection from cold
 y - an uncursed ring of stealth
 z - a +2 ring of evasion (left hand)
 F - a +4 amulet of reflection (around neck)
 G - an uncursed ring of wizardry
Wands
 a - a wand of iceblast (11)
 r - a wand of random effects (44)
 w - a wand of digging (17)
 J - a wand of clouds (2)
Scrolls
 c - 3 scrolls of identify {unknown}
 e - 2 scrolls of enchant armour
 f - 4 scrolls of remove curse {unknown}
 h - 2 scrolls of enchant weapon
 j - 2 scrolls of fog {unknown}
 o - a scroll of blinking {unknown}
 s - a scroll of teleportation
 u - a scroll of immolation {unknown}
 E - a scroll of holy word {unknown}
 H - a scroll of amnesia {unknown}
 K - a scroll of vulnerability {unknown}
 L - a scroll of magic mapping {unknown}


   Skills:
 - Level 5.0 Fighting
 - Level 7.0 Armour
 - Level 2.4 Dodging
 - Level 1.5 Stealth
 * Level 9.3 Unarmed Combat
 + Level 7.0 Invocations


You had 9 spell levels left.
You didn't know any spells.

Dungeon Overview and Level Annotations

Branches:
Dungeon (10/15)            Temple (0/1) D:5            Lair (1/6) D:8
    Orc (2/2) D:9             Elf (0/3) Orc:2

Altars:
Dithmenos
Elyvilon
Fedhas
Qazlal
Sif Muna
Trog
Yredelemnul
Zin

Shops:
D:5 !   D:8 :

Annotations:
D:4 exclusion: ogre
D:10 Erica, Harold
Orc:1 Amnesiac's ghost, journeyman SpTm
Orc:2 exclusion: upstairs


Innate Abilities, Weirdness & Mutations

You do not eat or drink.
Your flesh is vulnerable to fire.
You are immune to poison.
Your flesh is cold resistant. (rC+)
You are immune to negative energy. (rN+++)
You are immune to unholy pain and torment.
You can survive without breathing.


Message History

You take 10 damage, and have 37/74 hp.
You now have 10/15 mp.
You punch the ettin!
The ettin is moderately wounded.
You hit the ettin. You punch the ettin, but do no damage.
The ettin is moderately wounded.
The ettin hits you with a dire flail. The ettin barely misses you.
You take 4 damage, and have 33/74 hp.
You now have 9/15 mp.
You punch the ettin!
The ettin is moderately wounded.
The ettin misses you. The ettin hits you with a dire flail.
You take 4 damage, and have 29/74 hp.
You now have 8/15 mp.
You hit the ettin.
The ettin is heavily wounded.
The ettin barely misses you. The ettin hits you with a dire flail.
You take 4 damage, and have 25/74 hp.
You now have 7/15 mp.
You hit the ettin.
The ettin is heavily wounded.
The ettin misses you. The ettin hits you with a dire flail!!!
You die...
Yredelemnul claims you as an undead slave.

..............#.## ##.###
#..#.............## #....##
..................####....#
...................##....##
........................##
#....#..#..............##
.#.......#............##
........#......C.....##
#...............@)...####
....................##..##
.................#.##....#
......#..................#
...................##.#.##
.....#............##...##
....#.............##..##
.....#....#...........#
#...###........##.....#


You could see an ettin.

Vanquished Creatures
  An orc high priest (Orc:2)
  A troll (D:9)
  2 hippogriffs
  Sigmund (D:5)
  A spriggan (D:7)
  A wyvern (D:7)
  A hungry ghost (D:9)
  A sky beast (D:9)
  8 orc warriors
  An ice beast (D:9)
  11 ogres
  A big kobold (D:8)
  3 bullfrogs
  3 killer bees (D:9)
  3 wights (D:9)
  An electric eel (Bailey)
  A howler monkey (D:9)
  3 crimson imps
  5 orc priests
  3 hounds
  Ijyb (D:3)
  2 bullfrog skeletons
  A centaur skeleton (D:7)
  2 iguanas
  6 orc wizards
  5 worker ants
  A howler monkey zombie (D:7)
  8 adders
  8 gnolls
  A howler monkey skeleton (D:5)
  2 shadow imps
  3 leopard geckos
  41 orcs
  5 giant cockroaches
  12 hobgoblins
  6 jackals
  12 kobolds
  8 quokkas
  A ball python (D:6)
  3 bats
  7 frilled lizards
  13 goblins
  11 rats
211 creatures vanquished.

Vanquished Creatures (collateral kills)
  A two-headed ogre (D:8)
  A troll (Orc:2)
  An ice beast (D:9)
  An ogre (D:8)
  A bullfrog (D:10)
  3 killer bees (D:9)
  An adder (D:9)
  2 orcs (D:9)
11 creatures vanquished.

Vanquished Creatures (others)
  A hippogriff zombie (D:9)
  A bullfrog zombie (D:10)
  A howler monkey zombie (D:9)
  A worker ant zombie (D:10)
  An adder zombie (D:8)
  A kobold zombie (D:8)
  6 orc zombies
12 creatures vanquished.

Grand Total: 234 creatures vanquished

Notes
Turn   | Place    | Note
-------+----------+-------------------------------------------
     0 | D:1      | Kikal the Mummy Monk began the quest for the Orb.
     0 | D:1      | Reached XP level 1. HP: 18/18 MP: 1/1
   391 | D:1      | Reached XP level 2. HP: 21/24 MP: 2/2
   474 | D:1      | Reached skill level 3 in Unarmed Combat
  1232 | D:2      | Reached XP level 3. HP: 26/29 MP: 3/3
  1931 | D:2      | Found a white marble altar of Elyvilon.
  2711 | D:3      | Reached XP level 4. HP: 31/35 MP: 4/4
  3003 | D:2      | Reached skill level 4 in Unarmed Combat
  3569 | D:3      | Noticed Ijyb
  3737 | D:3      | Killed Ijyb
  3737 | D:3      | Reached XP level 5. HP: 40/42 MP: 5/5
  4653 | D:4      | Noticed an ogre
  4763 | D:4      | Found a stormy altar of Qazlal.
  4764 | D:4      | Found a shadowy altar of Dithmenos.
  4764 | D:4      | Found a glowing silver altar of Zin.
  4765 | D:4      | Found a basalt altar of Yredelemnul.
  4784 | D:4      | Became a worshipper of Yredelemnul the Dark
  4784 | D:4      | Reached * piety under Yredelemnul
  4784 | D:4      | Reached ** piety under Yredelemnul
  5107 | D:5      | Entered Level 5 of the Dungeon
  5119 | D:5      | Found a staircase to the Ecumenical Temple.
  5179 | D:5      | Noticed an ogre
  5236 | D:5      | Reached XP level 6. HP: 43/49 MP: 6/6
  5249 | D:5      | Reached skill level 5 in Unarmed Combat
  5282 | D:5      | Reached skill level 5 in Fighting
  5354 | D:5      | Reached skill level 1 in Invocations
  5465 | D:5      | Reached XP level 7. HP: 50/56 MP: 6/8
  5501 | D:5      | Found a deep blue altar of Sif Muna.
  5689 | D:5      | Found Visiha's Distillery.
  5936 | D:5      | Noticed Sigmund
  5953 | D:5      | Killed Sigmund
  6243 | D:6      | Reached skill level 6 in Unarmed Combat
  6529 | D:6      | Reached skill level 1 in Armour
  6830 | D:7      | Reached XP level 8. HP: 52/62 MP: 7/10
  7191 | D:7      | Noticed a hippogriff
  7203 | D:7      | Killed a hippogriff
  7203 | D:7      | Reached *** piety under Yredelemnul
  7560 | D:7      | Noticed a deep elf mage
  7826 | D:7      | Reached XP level 9. HP: 55/68 MP: 9/12
  8077 | D:8      | Found a flagged portal.
  8092 | Bailey   | Entered a bailey
  8351 | Bailey   | Reached skill level 7 in Unarmed Combat
  8351 | Bailey   | Reached skill level 5 in Invocations
  8356 | Bailey   | Reached skill level 5 in Armour
  8568 | Bailey   | Noticed a kobold demonologist
  8569 | Bailey   | Noticed a rust devil
  8571 | Bailey   | Noticed an ice devil
  9019 | D:8      | Found Vaboqysch's Book Shoppe.
  9340 | D:8      | Noticed a two-headed ogre
  9351 | D:8      | HP: 2/68 [two-headed ogre/giant club (11)]
  9352 | D:8      | Killed a two-headed ogre
  9354 | D:8      | Found a blossoming altar of Fedhas.
  9714 | D:8      | Found a staircase to the Lair.
 10127 | D:9      | Reached skill level 8 in Unarmed Combat
 10375 | D:9      | Reached XP level 10. HP: 69/74 MP: 11/14
 10514 | D:9      | Found a staircase to the Orcish Mines.
 10606 | D:9      | Reached **** piety under Yredelemnul
 10976 | D:10     | Entered Level 10 of the Dungeon
 11068 | D:10     | Noticed a two-headed ogre
 11069 | D:10     | Noticed a cyclops
 11073 | D:10     | Noticed Erica
 11077 | D:10     | Noticed Harold
 11275 | Lair:1   | Entered Level 1 of the Lair of Beasts
 11275 | Lair:1   | Noticed an eight-headed hydra
 11329 | Orc:1    | Entered Level 1 of the Orcish Mines
 11565 | Orc:2    | Entered Level 2 of the Orcish Mines
 11585 | Orc:1    | Noticed Amnesiac's ghost (journeyman SpTm)
 11598 | Orc:2    | Found a staircase to the Elven Halls.
 12153 | Orc:2    | Found a bloodstained altar of Trog.
 12204 | Orc:2    | Noticed an orc high priest
 12216 | Orc:2    | Killed an orc high priest
 12216 | Orc:2    | Reached skill level 9 in Unarmed Combat
 12566 | Orc:2    | Noticed an ettin
 12618 | Orc:1    | Mangled by an ettin

Vault maps used:
D:1:      shiori_arrival_maze, item_on_display_a
D:2:      overflow_temple_1_default
D:3:      first_ration, uniq_ijyb
D:4:      chequers_temple_overflow_statue_of_worship,
          hangedman_decor_diamond_cutter
D:5:      lemuel_crystal_altar, minmay_temple_entry_crystal_x, serial_shops,
          shop, cheibrodos_gnoll_hut, uniq_sigmund
D:7:      kennysheep_big_flooded_room, the_bakery, roderic_st_hans_cross,
          st_stairs_1
D:8:      marbit_many_paths, lair_entry_dummy, serial_shops,
          nicolae_shop_crystal, lightli_bailey_entry_fortress
D:9:      hiddenorc1_lemuel
D:10:     uniq_erica, uniq_harold
Orc:1:    minmay_orc_barracks, uniq_josephine
Orc:2:    kennysheep_orc_mage_school, basic_altar
Bailey:   bailey_axe_of_yendor_kennysheep, bailey

Skill      XL: |  1  2  3  4  5  6  7  8  9 10 |
---------------+-------------------------------+-----
Unarmed Combat | 3 4 5 6 8 9 |  9.3
Fighting       | 4 5 |  5.0
Invocations    | 1 3 4 6 7 |  7.0
Armour         | 2 4 6 7 |  7.0
Dodging        | |  2.4
Stealth        | |  1.5

Action                   |  1- 3 |  4- 6 |  7- 9 | 10-12 || total
-------------------------+-------+-------+-------+-------++-------
Melee: Unarmed           |   220 |   226 |   350 |   172 ||   968
       Punch             |     2 |     6 |    16 |     4 ||    28
Throw: Stone             |       |     1 |     1 |       ||     2
Invok: Animate Remains   |       |       |     2 |       ||     2
       Animate Dead      |       |       |     8 |    11 ||    19
       Recall Undead Sla |       |       |     3 |       ||     3
       Injury Mirror     |       |       |     2 |     1 ||     3
  Use: Scroll            |       |       |     4 |     2 ||     6
 Stab: Sleeping          |     2 |       |       |       ||     2
Armor: Robe              |    37 |       |       |       ||    37
       Ring mail         |    33 |    77 |    99 |    59 ||   268
Dodge: Dodged            |   130 |   112 |   170 |   112 ||   524
Block: Other             |       |       |    33 |    32 ||    65
       Reflection        |       |       |     1 |     1 ||     2

Table legend:
 A = Spawn XP
 B = Non-spawn XP
 C = Spawn XP percentage of total XP
 D = Spawn monster count
 E = Non-spawn monster count
 F = Spawn count percentage of total count
 G = Total turns spent on level
                    A         B        C        D         E        F      G
               +---------+---------+-------+---------+---------+-------+---------
         Total |       0 |    8859 |   0.0 |       0 |     222 |   0.0 | 12618
               +---------+---------+-------+---------+---------+-------+---------
           D:1 |       0 |      28 |   0.0 |       0 |      17 |   0.0 |  1154
           D:2 |       0 |     105 |   0.0 |       0 |      33 |   0.0 |  2239
           D:3 |       0 |     183 |   0.0 |       0 |      26 |   0.0 |  1036
           D:4 |       0 |      16 |   0.0 |       0 |       3 |   0.0 |   678
           D:5 |       0 |     806 |   0.0 |       0 |      20 |   0.0 |  1053
           D:6 |       0 |     264 |   0.0 |       0 |       5 |   0.0 |   524
           D:7 |       0 |    1536 |   0.0 |       0 |      21 |   0.0 |  1314
           D:8 |       0 |    1233 |   0.0 |       0 |      29 |   0.0 |  1413
           D:9 |       0 |    2174 |   0.0 |       0 |      45 |   0.0 |  1296
          D:10 |       0 |     113 |   0.0 |       0 |       2 |   0.0 |   119
         Orc:1 |       0 |     239 |   0.0 |       0 |       2 |   0.0 |   253
         Orc:2 |       0 |    1832 |   0.0 |       0 |      13 |   0.0 |  1036
        Bailey |       0 |     330 |   0.0 |       0 |       6 |   0.0 |   501
               +---------+---------+-------+---------+---------+-------+---------
